 Dungeon Crawl Stone Soup version 0.24-a0-91-g4e4936a (webtiles) character file.

Game seed: 8912475361042720836

1 MalarOregon the Chiller (level 1, 0/13 HPs)
             Began as a Merfolk Ice Elementalist on Feb 9, 2019.
             Slain by a leopard gecko (1 damage)
             ... on level 1 of the Dungeon.
             The game lasted 00:00:49 (29 turns).

MalarOregon the Chiller (Merfolk Ice Elementalist)    Turns: 29, Time: 00:00:50

Health: 0/13       AC:  2    Str:  8    XL:     1   Next: 20%
Magic:  0/3        EV: 13    Int: 14    God:
Gold:   0          SH:  0    Dex: 14    Spells: 3/4 levels left

rFire    . . .     SeeInvis .   b - +0 club
rCold    . . .     Gourm    .   (no shield)
rNeg     . . .     Faith    .   a - +0 robe
rPois    .         Spirit   .   (no helmet)
rElec    .         Reflect  .   (no cloak)
rCorr    .         Harm     .   (no gloves)
MR       .....                  (no boots)
Stlth    ++........             (no amulet)
HPRegen  0.04/turn              (no ring)
MPRegen  0.08/turn              (no ring)

@: no status effects
A: change form in water, swift swim, stealthy swim
a: no special abilities


You were on level 1 of the Dungeon.
You were not hungry.

You visited 1 branch of the dungeon, and saw 1 of its levels.

Inventory:

Hand Weapons
 b - a +0 club (weapon)
   (You took it off a hobgoblin on level 1 of the Dungeon)
Armour
 a - a +0 robe (worn)
Scrolls
 c - a scroll of remove curse {unknown}
Comestibles
 e - a ration {!d}


   Skills:
 - Level 2.6 Dodging
 - Level 2.1 Stealth
 + Level 2.0 Spellcasting
   Level 0.7 Conjurations
 + Level 3.3 Ice Magic


You had 3 spell levels left.
You knew the following spells:

 Your Spells              Type           Power        Failure   Level  Hunger
a - Freeze                Ice            ##..         6%          1    ##.....

Your spell library contained the following spells:

 Spells                   Type           Power        Failure   Level  Hunger
 Throw Frost              Conj/Ice       #.....       16%         2    ###....
 Ozocubu's Armour         Chrm/Ice       #.......     34%         3    ####...
 Throw Icicle             Conj/Ice       #.......     71%         4    #####..
 Summon Ice Beast         Ice/Summ       #.......     75%         4    #####..


Dungeon Overview and Level Annotations

Branches:
Dungeon (1/15)

Altars:


Message History

Welcome, MalarOregon the Merfolk Ice Elementalist.
Will you prevail where others failed? Will you find the Orb of Zot?
Found 29 sling bullets and a scroll labeled FURUGO OKUOGU.
Found a staircase leading out of the dungeon.
Unknown command.
Found 11 gold pieces.
A hobgoblin comes into view. It is wielding a +0 club.
A leopard gecko comes into view.
The hobgoblin shouts!
You open the door.
There is an open door here.
Aim: a hobgoblin, wielding a +0 club You freeze the hobgoblin.
The hobgoblin barely misses you.
Aim: a hobgoblin, wielding a +0 club (heavily wounded)
You freeze the hobgoblin.
The hobgoblin hits you but does no damage.
Aim: a hobgoblin, wielding a +0 club (almost dead)
You freeze the hobgoblin.
You kill the hobgoblin!
The leopard gecko hisses angrily.
A leopard gecko is nearby!
Things that are here:
a +0 club; a scroll labeled FURUGO OKUOGU
There are no items here.
No target in view!
You start resting.
The leopard gecko is too close now for your liking.
Things that are here:
a +0 club; a scroll labeled FURUGO OKUOGU
b - a +0 club;
c - a scroll labeled FURUGO OKUOGU Wield which item (- for none, * to show all)? (? for menu, Esc to quit)
b - a +0 club (weapon)
You hit the leopard gecko. The leopard gecko barely misses you.
You barely miss the leopard gecko. The leopard gecko bites you.
The leopard gecko closely misses you.
You closely miss the leopard gecko. The leopard gecko bites you.
Aim: a leopard gecko (heavily wounded, clinging)
You freeze the leopard gecko. The leopard gecko bites you.
You barely miss the leopard gecko. The leopard gecko bites you.
The leopard gecko closely misses you.
You miss the leopard gecko. The leopard gecko misses you.
You barely miss the leopard gecko. The leopard gecko bites you.
* * * LOW HITPOINT WARNING * * *
The leopard gecko closely misses you.
You miss the leopard gecko. The leopard gecko misses you.
The leopard gecko bites you.
* * * LOW HITPOINT WARNING * * *
There is an open door here.
The leopard gecko bites you.
You die...

#.#.##
.#######....####
...............+
..............#
..#####'#####.#
(.#PPP#.#PPP#.#
..#P⌠P#.#P⌠P#.#
..#PPP#l#PPP#.#
..#####@#####...
..+....<....+..#
#.#####.#####.#
#.#PPP#.#PPP#.$
#.#P⌠P#.#P⌠P#.#
#.#PPP#.#PPP#.#
#.#####+#####.#
#.... . . .....
#### . # ####


You could see a leopard gecko.

Vanquished Creatures
  A hobgoblin (D:1)
1 creature vanquished.

Notes
Turn   | Place    | Note
-------+----------+-------------------------------------------
     0 | D:1      | MalarOregon the Merfolk Ice Elementalist began the quest
                  | for the Orb.
     0 | D:1      | Reached XP level 1. HP: 13/13 MP: 3/3
    29 | D:1      | Slain by a leopard gecko

Levels and vault maps discovered:
D:1:      beargit_arrival_greenhouse, layout_loops_corners,
          minmay_misc_feat_cross

Action                   || total
-------------------------++-------
Melee: Club              ||     7
 Cast: Freeze            ||     4
Armor: Robe              ||     1
Dodge: Dodged            ||     7

Table legend:
 A = Non-vault XP
 B = Vault XP
 C = Vault XP percentage of total XP
 D = Non-vault monster count
 E = Vault monster count
 F = Vault count percentage of total count
                 A         B        C        D         E       F
            +---------+---------+-------+---------+---------+-------
      Total |       2 |       0 |   0.0 |       1 |       0 |   0.0
            +---------+---------+-------+---------+---------+-------
        D:1 |       2 |       0 |   0.0 |       1 |       0 |   0.0
            +---------+---------+-------+---------+---------+-------
